 Dungeon Crawl Stone Soup version 0.23-b1-70-gd12f7cf (webtiles) character file.

Game seed: 1436811183449753049

67 Mrkaede the Skirmisher (level 4, -1/40 HPs)
             Began as a Hill Orc Monk on Feb 6, 2019.
             Killed from afar by Sigmund (5 damage)
             ... with a magic dart
             ... on level 2 of the Dungeon.
             The game lasted 00:06:43 (1865 turns).

Mrkaede the Skirmisher (Hill Orc Monk)              Turns: 1865, Time: 00:06:43

Health: -1/40      AC:  5    Str: 13    XL:     4   Next: 18%
Magic:  4/4        EV: 11    Int: 10    God:
Gold:   106        SH:  0    Dex: 14    Spells: 3/3 levels left

rFire    + . .     SeeInvis .   a - +0 spear
rCold    + . .     Gourm    .   (no shield)
rNeg     . . .     Faith    .   l - +0 ring mail
rPois    +         Spirit   .   (no helmet)
rElec    +         Reflect  .   (no cloak)
rCorr    +         Harm     .   (no gloves)
MR       .....                  (no boots)
Stlth    +.........             (no amulet)
HPRegen  0.13/turn              (no ring)
MPRegen  0.09/turn              (no ring)

@: resistant
A: poison resistance, MP-powered wands
a: no special abilities


You were on level 2 of the Dungeon.
You were not hungry.

You visited 1 branch of the dungeon, and saw 2 of its levels.

You collected 106 gold pieces.

Inventory:

Hand Weapons
 a - a +0 spear (weapon)
Armour
 b - a +0 robe
 l - a +0 ring mail (worn)
Jewellery
 f - an uncursed ring of wizardry {unknown}
Potions
 h - a potion of agility {unknown}
 k - a potion of mutation
 m - a potion of heal wounds {unknown}
Comestibles
 c - 7 rations


   Skills:
 + Level 4.3 Fighting
 + Level 4.2 Polearms
 + Level 0.4 Armour
 + Level 2.8 Dodging
 + Level 2.0 Stealth


You had 3 spell levels left.
You didn't know any spells.
Your spell library was empty.

Dungeon Overview and Level Annotations

Branches:
Dungeon (2/15)

Altars:
Qazlal

Annotations:
D:2 Sigmund


Innate Abilities, Weirdness & Mutations

Your system is resistant to poisons. (rPois)
You expend magic power (3 MP) to strengthen your wands.


Message History

Press: ? - help, Dir - move target cursor, f/p - Sigmund
Aim: Sigmund, wielding a +1 scythe of protection and wearing a +0 robe (severely wounded)
You reach to attack!
You hit Sigmund.
Sigmund is almost dead.
Evoke which item? (* to show all) (? for menu, Esc to quit)
Attack whom?
Press: ? - help, Dir - move target cursor, f/p - Sigmund
Aim: Sigmund, wielding a +1 scythe of protection and wearing a +0 robe (almost dead)
You reach to attack!
You closely miss Sigmund.
Sigmund is almost dead.
Sigmund closely misses you.
Evoke which item? (* to show all) (? for menu, Esc to quit)
Attack whom?
Press: ? - help, Dir - move target cursor, f/p - Sigmund
Aim: Sigmund, wielding a +1 scythe of protection and wearing a +0 robe (almost dead)
You reach to attack!
You hit Sigmund but do no damage.
Sigmund is almost dead.
Sigmund gestures at you while chanting. The magic dart hits you.
You die...

.#
#..#.....#####(....######
.###..#.....### ##'####
.........[....# #.#
............######.########
................@..........
.#.#..#.....######.########
...#..#....#######@#
...................#
................@###
.###.....<####.#.#
.###..##.## #.#.#
.........# #.#.#
.###...#.#####.#.#
.#.............#.#
####..##.......).#
##..##.#####.### #...##.#
###


You could see Sigmund.

Vanquished Creatures
  A killer bee zombie (D:2)
  An adder (D:2)
  2 dart slugs (D:1)
  A ball python (D:1)
  4 bats (D:1)
  A giant cockroach (D:1)
  4 goblins
  2 hobgoblins (D:1)
  3 jackals (D:2)
  6 kobolds
  A quokka (D:1)
  A frilled lizard (D:1)
  5 rats
32 creatures vanquished.

Notes
Turn   | Place    | Note
-------+----------+-------------------------------------------
     0 | D:1      | Mrkaede the Hill Orc Monk began the quest for the Orb.
     0 | D:1      | Reached XP level 1. HP: 19/19 MP: 1/1
   147 | D:1      | Reached XP level 2. HP: 27/27 MP: 2/2
   409 | D:1      | Reached XP level 3. HP: 19/33 MP: 3/3
   931 | D:2      | Reached XP level 4. HP: 23/40 MP: 4/4
  1141 | D:2      | Found a stormy altar of Qazlal.
  1281 | D:2      | Noticed Sigmund
  1823 | D:1      | Gained mutation: Your system is resistant to poisons.
                  | (rPois) [potion of mutation]
  1823 | D:1      | Gained mutation: You expend magic power (3 MP) to
                  | strengthen your wands. [potion of mutation]
  1865 | D:2      | Killed from afar by Sigmund

Skill      XL: |  1  2  3 |
---------------+----------+-----
Fighting       | 4 |  4.3
Polearms       | 4 |  4.2
Stealth        | 2 |  2.0
Armour         | |  0.4
Dodging        | |  2.8

Action                   |  1- 3 |  4- 6 || total
-------------------------+-------+-------++-------
Melee: Spear             |    94 |    97 ||   191
  Use: Scroll            |       |     4 ||     4
       Potion            |       |     2 ||     2
 Stab: Sleeping          |     4 |     1 ||     5
  Eat: Chunk             |       |     2 ||     2
       Ration            |       |     1 ||     1
Armor: Robe              |     5 |       ||     5
       Ring mail         |     6 |    18 ||    24
Dodge: Dodged            |    35 |    45 ||    80
